 Dungeon Crawl Stone Soup version 0.23.0 (webtiles) character file.

Game seed: 11797281343125943332

133 misha the Cutter (level 4, -4/40 HPs)
             Began as a Draconian Berserker on Feb 16, 2019.
             Was a Priest of Trog.
             Slain by a river rat (8 damage)
             ... in a sewer.
             The game lasted 00:17:53 (3469 turns).

misha the Cutter (Draconian Berserker)              Turns: 3469, Time: 00:17:54

Health: -4/40      AC:  5    Str: 20    XL:     4   Next: 93%
Magic:  4/4        EV: 13    Int:  8    God:    Trog [***...]
Gold:   121        SH:  0    Dex: 10    Spells: 3/3 levels left

rFire    . . .     SeeInvis .   n - +0 dagger (speed)
rCold    . . .     Gourm    .   (no shield)
rNeg     . . .     Faith    .   (armour unavailable)
rPois    .         Spirit   .   (helmet restricted)
rElec    .         Reflect  .   (no cloak)
rCorr    .         Harm     .   (no gloves)
MR       .....                  (no boots)
Stlth    +.........             (no amulet)
HPRegen  0.13/turn              (no ring)
MPRegen  0.09/turn              (no ring)

@: very slow
A: unfitting armour, cold-blooded, AC +5
a: Berserk, Trog's Hand, Renounce Religion


You were in a sewer.
You worshipped Trog.
Trog was most pleased with you.
You were not hungry.

You visited 1 branch of the dungeon, and saw 3 of its levels.
You also visited: Sewer.

You collected 121 gold pieces.

Inventory:

Hand Weapons
 a - a +0 short sword
 j - a +0 club
 l - a +0 club
 n - a +0 dagger of speed (weapon)
 u - a +0 club
Missiles
 d - 66 stones
 y - 3 needles of confusion (quivered)
Armour
 c - a +0 ring mail
 o - a +4 scale mail
 B - a +2 helmet
Jewellery
 w - an uncursed ring of fire {unknown}
Scrolls
 g - a scroll of random uselessness {unknown}
 k - 2 scrolls of identify {unknown}
 p - 3 scrolls of remove curse {unknown}
 r - a scroll of fear {unknown}
 s - a scroll of amnesia {unknown}
 v - a scroll of enchant weapon {unknown}
 x - a scroll of teleportation {unknown}
Potions
 b - 2 potions of brilliance {unknown}
 e - a potion of might {unknown}
 f - a potion of heal wounds {unknown}
 h - 3 potions of curing {unknown}
 i - a potion of haste {unknown}
 m - 2 potions of flight {unknown}
 q - a potion of resistance {unknown}
 t - a potion of agility {unknown}
 A - a potion of invisibility {unknown}
Comestibles
 z - 2 rations


   Skills:
 + Level 3.9 Fighting
 + Level 4.2 Short Blades
 + Level 0.3 Throwing
 + Level 3.7 Dodging
 + Level 1.0 Stealth


You had 3 spell levels left.
You didn't know any spells.
Your spell library was empty.

Dungeon Overview and Level Annotations

Branches:
Dungeon (3/15)

Altars:
Elyvilon
Hepliaklqana
Nemelex Xobeh
Sif Muna
Yredelemnul


Innate Abilities, Weirdness & Mutations

Your plain brown scales are hard. (AC +5)
You cannot fit into any form of body armour.
You are cold-blooded and may be slowed by cold attacks.


Message History

The river rat completely misses you.
You barely miss the river rat.
Your tail-slap misses the river rat.
The river rat is lightly wounded.
You are too injured to fight recklessly!
You are too injured to fight recklessly!
You hit the river rat but do no damage.
The river rat is lightly wounded.
The river rat closely misses you.
You are too injured to fight recklessly!
You closely miss the river rat. You tail-slap the river rat.
The river rat is lightly wounded.
The river rat bites you.
* * * LOW HITPOINT WARNING * * *
You are too injured to fight recklessly!
You closely miss the river rat.
The river rat is lightly wounded.
You enter the shallow water.
Moving in this stuff is going to be slow.
The river rat bites you!
You die...

## .# .# ## .##
#.###########################
.≈..≈≈.≈≈≈.≈≈≈≈≈≈..≈..≈≈≈..∩#
.≈..≈≈≈≈≈..≈≈≈≈≈@r..≈†....†∩#
#############################


You could see a river rat.

Vanquished Creatures
  5 adders
  2 worms (D:2)
  2 dart slugs
  5 leopard geckos
  7 bats
  10 giant cockroaches
  5 goblins
  6 hobgoblins
  6 jackals
  3 ball pythons (Sewer)
  4 frilled lizards
  A jackal skeleton (D:2)
  6 kobolds
  9 rats
71 creatures vanquished.

Notes
Turn   | Place    | Note
-------+----------+-------------------------------------------
     0 | D:1      | misha the Draconian Berserker began the quest for the Orb.
     0 | D:1      | Reached XP level 1. HP: 19/19 MP: 1/1
   334 | D:1      | Reached XP level 2. HP: 24/26 MP: 2/2
   768 | D:1      | Reached ** piety under Trog
   768 | D:1      | Reached XP level 3. HP: 31/31 MP: 3/3
  1530 | D:2      | Found a deep blue altar of Sif Muna.
  1995 | D:2      | Reached XP level 4. HP: 27/40 MP: 4/4
  2006 | D:2      | Found a basalt altar of Yredelemnul.
  2813 | D:3      | Reached skill level 4 in Short Blades
  2903 | D:3      | Found a white marble altar of Elyvilon.
  3060 | D:3      | Reached skill level 1 in Stealth
  3119 | D:3      | Found a sparkling altar of Nemelex Xobeh.
  3167 | D:3      | Found a hazy altar of Hepliaklqana.
  3318 | D:3      | Found a glowing drain.
  3334 | Sewer    | Entered a sewer
  3399 | Sewer    | Reached *** piety under Trog
  3469 | Sewer    | Slain by a river rat

Skill      XL: |  1  2  3  4 |
---------------+-------------+-----
Dodging        | 3 |  3.7
Short Blades   | 4 |  4.2
Stealth        | 1 |  1.0
Fighting       | |  3.9
Throwing       | |  0.3

Action                   |  1- 3 |  4- 6 || total
-------------------------+-------+-------++-------
Melee: Short sword       |    91 |       ||    91
       Tailslap          |    21 |    17 ||    38
       Dagger            |    40 |   150 ||   190
Throw: Stone             |       |    50 ||    50
Invok: Berserk           |     1 |       ||     1
       Trog's Hand       |       |     1 ||     1
 Stab: Sleeping          |     2 |     1 ||     3
  Eat: Chunk             |     2 |       ||     2
       Ration            |     1 |     1 ||     2
Armor: Skin              |    44 |    43 ||    87
Dodge: Dodged            |    99 |   113 ||   212
